 Dungeon Crawl Stone Soup version 0.16.1 (webtiles) character file.

70 ketsa the Chopper (level 4, -7/39 HPs)
             Began as a Hill Orc Abyssal Knight on Mar 23, 2015.
             Was a Follower of Lugonu.
             Killed from afar by an orc wizard (8 damage)
             ... with a puff of flame
             ... on level 2 of the Dungeon.
             The game lasted 00:04:50 (1909 turns).

ketsa the Chopper (Hill Orc Abyssal Knight)         Turns: 1909, Time: 00:04:50

Health: -7/39      AC:  6    Str: 15    XL:     4   Next: 21%
Magic:  7/7        EV:  9    Int: 12    God:    Lugonu [*.....]
Gold:   72         SH:  0    Dex: 10    Spells: 0 memorised, 3 levels left

rFire  . . .     SeeInvis .     a - +1 hand axe
rCold  . . .     Clarity  .     o - +0 scale mail
rNeg   . . .     SustAb   .     (no shield)
rPois  .         Gourm    .     (no helmet)
rElec  .         Spirit   .     (no cloak)
rCorr  .         Warding  .     (no gloves)
rMut   .         Stasis   .     (no boots)
MR     .....                    (no amulet)
Stlth  ..........               (no ring)
                                (no ring)

@: not resistant to hostile enchantments, extremely unstealthy
A: no striking features
a: Depart the Abyss, Renounce Religion


You were on level 2 of the Dungeon.
You worshipped Lugonu.
Lugonu was aware of your devotion.
You were hungry.

You visited 1 branch of the dungeon, and saw 3 of its levels.
You visited the Abyss 1 time.

You collected 72 gold pieces.

Inventory:

Hand weapons
 a - a +1 hand axe (weapon)
Missiles
 n - 15 poisoned needles
Armour
 b - a +0 leather armour
 o - a +0 scale mail (worn)
Scrolls
 d - 2 scrolls of fog {unknown}
 f - a scroll of identify {unknown}
 g - a scroll of blinking {unknown}
 h - a scroll of recharging {unknown}
 j - a scroll of remove curse {unknown}
 k - 2 scrolls of teleportation {unknown}
 t - a scroll of immolation {unknown}
Potions
 e - a potion of brilliance {unknown}
 i - a potion of curing
 q - a potion of resistance {unknown}
Comestibles
 c - 2 meat rations
 l - 2 fruits
 m - a beef jerky
 p - 3 chunks of flesh
 r - a bread ration
 s - a royal jelly


   Skills:
 + Level 3.6 Fighting
 * Level 4.9 Axes
 + Level 2.1 Armour
 - Level 0.7 Dodging
 + Level 3.9 Invocations


You had 3 spell levels left.
You didn't know any spells.

Dungeon Overview and Level Annotations

Branches:
Dungeon (3/15)

Altars:
Okawaru


Message History

The orc wizard gestures at you while chanting.
The magic dart hits you!
The orc wizard hits you but does no damage.
You barely miss the orc wizard.
The orc wizard is severely wounded.
The orc wizard hits you but does no damage.
You hit the orc wizard but do no damage.
The orc wizard is severely wounded.
The orc wizard barely misses you. The orc wizard hits you with a dagger.
You hit the orc wizard.
The orc wizard is severely wounded.
The orc wizard hits you with a dagger.
You closely miss the orc wizard.
The orc wizard is severely wounded.
The orc wizard gestures at you while chanting.
The puff of flame hits you!
* * * LOW HITPOINT WARNING * * *
The orc wizard points at you and mumbles some strange words.
The puff of flame hits you!
You die...

#.# #.# #.##
#.#
#.#####...
#.#
#.......#.
#.#
#######..#
#.# #.## #.#
#.# ##.#
#.## #..#
#>[. #@##
#### #o# #.#
#.# #.# #.#
#.##########
#..........#
##########.#


You could see an orc wizard.

Vanquished Creatures
  2 adders (D:2)
  A worm (D:2)
  An ooze (D:1)
  An orc (D:2)
  4 giant cockroaches
  4 goblins
  3 hobgoblins
  5 jackals
  9 kobolds
  4 giant newts
  6 rats
40 creatures vanquished.

Notes
Turn   | Place    | Note
--------------------------------------------------------------
     0 | Abyss:1  | ketsa, the Hill Orc Abyssal Knight, began the quest for the Orb.
     0 | Abyss:1  | Reached XP level 1. HP: 19/19 MP: 1/1
    51 | Abyss:1  | Noticed a wraith
    56 | D:1      | Escaped the Abyss
   193 | D:1      | Reached XP level 2. HP: 26/26 MP: 2/2
   208 | D:1      | Acquired Lugonu's first power
   684 | D:1      | Reached skill level 4 in Axes
  1028 | D:2      | Reached XP level 3. HP: 29/31 MP: 5/5
  1403 | D:2      | Found an iron altar of Okawaru.
  1408 | D:2      | Reached XP level 4. HP: 39/39 MP: 7/7
  1909 | D:2      | HP: 1/39 [orc wizard/puff of flame (11)]
  1909 | D:2      | Killed from afar by an orc wizard

Action                   |  1- 3 |  4- 6 || total
-------------------------+-------+-------++-------
Melee: Hand axe          |    98 |    66 ||   164
Invok: Depart the Abyss  |     1 |       ||     1
  Use: Potion            |       |     2 ||     2
  Eat: Chunk             |     2 |     1 ||     3
